 Dungeon Crawl Stone Soup version 0.31-a0-1547-g618ab1f346 (webtiles) character file.

Game seed: 12248771290305215561

1096 Flugslaktarn the Toxicologist (level 8, 20/46 HPs)
             Began as an Octopode Alchemist on Jan 3, 2024.
             Quit the game on level 7 of the Dungeon.
             The game lasted 00:03:58 (2004 turns).

Flugslaktarn the Toxicologist (Octopode Alchemist)  Turns: 2004, Time: 00:03:58

Health: 20/46      AC:  1    Str:  7    XL:     8   Next: 31%
Magic:  2/16       EV: 13    Int: 20    God:
Gold:   128        SH:  0    Dex: 12    Spells: 12/17 levels left

rFire   . . .        i - +0 dagger
rCold   . . .        (no shield)
rNeg    . . .        (helmet restricted)
rPois   .            (no amulet)
rElec   .            (no ring)
rCorr   .            (no ring)
SInv    .            (no ring)
Will    .....        (no ring)
Stlth   +++          (no ring)
HPRegen 0.27/turn    (no ring)
MPRegen 0.15/turn    (no ring)
                     (no ring)

%: no passive effects
@: no status effects
A: almost no armour, amphibious, 8 rings, camouflage 1, gelatinous body 1,
(nimble swimmer 1), tentacles
a: no special abilities


You were on level 7 of the Dungeon.
You visited 2 branches of the dungeon, and saw 8 of its levels.

You collected 128 gold pieces.

Inventory:

Hand Weapons
 i - a +0 dagger (weapon)
   (You took it off a goblin on level 3 of the Dungeon)
Armour
 d - a +0 buckler
   (You found it on level 7 of the Dungeon)
Jewellery
 f - the ring of Xom's Malicious Joy {Fire Dex+3}
   (You found it on level 3 of the Dungeon)

   [ring of fire]

   Fire:      It enhances your fire magic.
   Dex+3:     It affects your dexterity (+3).
   rF+:       It protects you from fire.
   rC-:       It makes you vulnerable to cold.
Scrolls
 b - a scroll of enchant armour
 k - a scroll of poison {unknown}
 l - a scroll of noise {unknown}
 p - a scroll of vulnerability {unknown}
Potions
 a - 2 potions of magic
 c - 2 potions of cancellation
 e - a potion of might {unknown}
 h - a potion of resistance {unknown}
 m - a potion of degeneration {unknown}
 o - a potion of enlightenment {unknown}
 q - 3 potions of curing
 w - 2 potions of heal wounds


   Skills:
 - Level 2.0 Dodging
 - Level 2.6 Stealth
 + Level 5.3 Spellcasting
 - Level 1.0 Conjurations
 * Level 9.1 Alchemy


You had 12 spell levels left.
You knew the following spells:

 Your Spells              Type           Power      Damage    Failure   Level
a - Sting                 Conj/Alch      100%       1d9       1%          1
b - Olgreb's Toxic Radia  Alch           42%        N/A       2%          4

Your spell library contained the following spells:

 Spells                   Type           Power      Damage    Failure   Level
 Mercury Vapours          Alch/Air       46%        N/A       2%          2
 Mephitic Cloud           Conj/Alch/Air  18%        N/A       9%          3
 Momentum Strike          Conj/Tloc      14%        3d8       14%         2
 Blink                    Tloc           10%        N/A       17%         2
 Lesser Beckoning         Tloc           10%        N/A       17%         2
 Sticky Flame             Fire/Alch      23%        2d6       17%         4


Dungeon Overview and Level Annotations

Branches:
Dungeon (7/15)             Temple (1/1) D:7

Altars:
Dithmenos
Fedhas
Gozag
Hepliaklqana
Okawaru
Qazlal
Ru
Sif Muna
Vehumet
Wu Jian
Xom
Yredelemnul
Zin
The Shining One

Annotations:
D:5 Menkaure
D:6 exclusion: ice beast


Innate Abilities, Weirdness & Mutations

You cannot wear most types of armour.
You are amphibious.
You can wear up to eight rings at the same time.
Your skin changes colour to match your surroundings (Stealth+).
Your rubbery body absorbs attacks. (AC +1, EV +1)
((You are camouflaged when in or above water. (Stealth+)))
You have tentacles for arms and can constrict up to eight enemies at once.


Message History

Found a staircase back to the Dungeon.
There is a staircase back to the Dungeon here.
Unknown command.
There is a staircase back to the Dungeon here.
You climb upwards.
Welcome back to the Dungeon!
The shadow imp gestures at you. Pain shoots through your body!
There is a staircase to the Ecumenical Temple here.
Casting: Sting (safe; 1% risk of failure)
Confirm with . or Enter, or press ? or * to list all spells.
You begin to radiate toxic energy.
The shadow imp completely misses you.
Casting: Olgreb's Toxic Radiance (dangerous; 2% risk of failure)
Confirm with . or Enter, or press ? or * to list all spells.
Aiming: Sting (safe; 1% risk of failure)
Press: ? - help, Shift-Dir - straight line, f - shadow imp
Aim: a shadow imp (75% to hit)
The sting hits the shadow imp but does no damage.
The shadow imp is poisoned.
Your toxic aura wanes.
The shadow imp misses you.
Casting: Sting (safe; 1% risk of failure)
Confirm with . or Enter, or press ? or * to list all spells.
Aiming: Sting (safe; 1% risk of failure)
Press: ? - help, Shift-Dir - straight line, f/p - shadow imp
Aim: a shadow imp (poisoned, 75% to hit)
The sting hits the shadow imp but does no damage.
The shadow imp looks even sicker.
The shadow imp closely misses you.
You hit the shadow imp. Your grab misses the shadow imp.
Your squeeze misses the shadow imp.
The shadow imp is heavily wounded.
The shadow imp hits you.
You hit the shadow imp but do no damage.
You grab the shadow imp.
You squeeze the shadow imp, but do no damage.
The shadow imp is heavily wounded.
You constrict the shadow imp. The shadow imp barely misses you.
Casting: Sting (safe; 1% risk of failure)
Confirm with . or Enter, or press ? or * to list all spells.
You begin to radiate toxic energy.
You constrict the shadow imp, but do no damage.
The shadow imp hits you.
You release your grip on the shadow imp.
Found a buckler.
Your toxic aura wanes.
The shadow imp hits you. The shadow imp closely misses you.
The shadow imp shouts, "Remove thy stench, thou mangled shard-borne bladder!"
The shadow imp attacks as it pursues you!
The shadow imp closely misses you.
You barely miss the shadow imp. Your grab misses the shadow imp.
The shadow imp is severely wounded.
The shadow imp hits you.
You closely miss the shadow imp. Your grab misses the shadow imp.
The shadow imp is severely wounded.
The shadow imp looks more healthy.
The shadow imp barely misses you.
Casting: Olgreb's Toxic Radiance (dangerous; 2% risk of failure)
Confirm with . or Enter, or press ? or * to list all spells.
You begin to radiate toxic energy.
The shadow imp gestures at you. Pain shoots through your body!
Casting: Olgreb's Toxic Radiance (dangerous; 2% risk of failure)
Confirm with . or Enter, or press ? or * to list all spells.
Aiming: Sting (safe; 1% risk of failure)
Press: ? - help, Shift-Dir - straight line, f/p - shadow imp
Aim: a shadow imp (almost dead, 75% to hit)
The sting hits the shadow imp.
The shadow imp partially resists.
The shadow imp is poisoned.
You kill the shadow imp!
Casting: Sting (safe; 1% risk of failure)
Confirm with . or Enter, or press ? or * to list all spells.
Aiming: Sting (safe; 1% risk of failure)
Press: ? - help, Shift-Dir - straight line, f - jelly
Aim: a jelly (100% to hit)
The sting hits the jelly.
The jelly partially resists.
The jelly is poisoned.
The jelly is lightly wounded.
Your toxic aura wanes.
The jelly hits you.
You are splashed with acid!
Casting: Sting (safe; 1% risk of failure)
Confirm with . or Enter, or press ? or * to list all spells.
Aiming: Sting (safe; 1% risk of failure)
Press: ? - help, Shift-Dir - straight line, f/p - jelly
Aim: a jelly (lightly wounded, poisoned, 100% to hit)
The sting hits the jelly.
The jelly partially resists.
The jelly is moderately wounded.
The jelly barely misses you.
You hit the jelly. The acid corrodes you!
Your tentacles burn!
You squeeze the jelly.
You kill the jelly!
You start resting.
You are no longer corroded.
A gnoll comes into view. It is wielding a +0 club.
The gnoll shouts!
A gnoll comes into view. It is wielding a +0 flail.
Unknown command.
You aren't carrying any items that you can evoke.
Unknown command.
Okay, then.
Okay, then.
Are you sure you want to abandon this character and quit the game? (Confirm with "yes".)

..........##..[.# #
#.......# ##
##.#..### ..# .
#..##.# #.####.#
#...##.###.......
..
##....##.##[.....
....#..>.###.......
#.....###.#..# #
.....##@..#.....#
## ....#
##....###.#######.
...# #..####
#......... ...
./g.## #..#'#.....
.. Y...#
#..#.#..... ....##
#..#.#..#.. .g..
#..#.#..#.. ..g
#.##.##.#.. .♣ #.
...#.#..


There were no monsters in sight!

Vanquished Creatures
  A steam dragon (D:7)
  A black bear (D:6)
  An ogre (D:6)
  A phantom (D:7)
  A kobold brigand (D:6)
  5 scorpions
  A howler monkey (D:5)
  2 hounds
  2 jellies
  An orc priest (D:6)
  4 orc wizards
  An adder (D:3)
  A shadow imp (D:7)
  2 ufetubi (D:6)
  A ribbon worm (D:2)
  8 orcs
  5 ball pythons
  5 bats
  An endoplasm (D:4)
  2 giant cockroaches
  5 goblins
  2 hobgoblins
  2 jackals (D:4)
  2 kobolds (D:6)
  4 quokkas
  A frilled lizard (D:1)
  2 rats (D:1)
64 creatures vanquished.

Notes
Turn   | Place    | Note
-------+----------+-------------------------------------------
     0 | D:1      | Flugslaktarn the Octopode Alchemist began the quest for the
                  | Orb.
     0 | D:1      | Reached XP level 1. HP: 11/11 MP: 3/3
   120 | D:1      | Reached XP level 2. HP: 17/17 MP: 1/5
   318 | D:3      | Reached skill level 4 in Alchemy
   331 | D:3      | Identified the ring of Xom's Malicious Joy {Fire Dex+3}
   352 | D:3      | Found a hazy altar of Hepliaklqana.
   371 | D:3      | Reached XP level 3. HP: 19/21 MP: 2/6
   411 | D:3      | Reached XP level 4. HP: 20/27 MP: 1/8
   847 | D:5      | Entered Level 5 of the Dungeon
   856 | D:5      | Noticed a scorpion
   860 | D:5      | Killed a scorpion
   861 | D:5      | Reached skill level 5 in Alchemy
   861 | D:5      | Reached XP level 5. HP: 21/31 MP: 6/9
   885 | D:5      | Learned a level 4 spell: Olgreb's Toxic Radiance
   947 | D:5      | Reached skill level 6 in Alchemy
   947 | D:5      | Reached XP level 6. HP: 36/36 MP: 7/11
  1093 | D:5      | Noticed Menkaure
  1304 | D:5      | Reached skill level 7 in Alchemy
  1371 | D:6      | Noticed an ice beast
  1411 | D:6      | Reached XP level 7. HP: 30/41 MP: 9/13
  1663 | D:6      | Reached skill level 8 in Alchemy
  1808 | D:6      | Reached skill level 5 in Spellcasting
  1808 | D:6      | Reached XP level 8. HP: 41/46 MP: 4/15
  1813 | D:6      | Found a stormy altar of Qazlal.
  1899 | D:7      | Reached skill level 9 in Alchemy
  1954 | D:7      | Found a glowing golden altar of the Shining One.
  1962 | D:7      | Found a staircase to the Ecumenical Temple.
  1968 | Temple   | Entered the Ecumenical Temple
  2004 | D:7      | Quit the game

Illustrated notes

Levels and vault maps discovered:
D:1:      lightli_arrival_isolated_outpost, layout_basic, minmay_ruptured
D:2:      layout_loops_corners, dreamdust_ecumenical_altar_hidden_monk_grotto,
          minmay_cupped
D:3:      layout_basic, old_standard_altar
D:4:      layout_loops_cross, nrook_mini_backslash
D:5:      layout_basic, uniq_menkaure
D:6:      layout_loops_corners, lemuel_coloured_pillars_altar
D:7:      layout_rooms, mainiacjoe_overflow_small_starburst,
          mainiacjoe_overflow_surrounded_room, minmay_temple_entry_wispy,
          serial_shops, nicolae_stop_n_shop_1, uniq_duvessa
Temple:   minmay_temple_curvy_loop

Skill      XL: |  1  2  3  4  5  6  7  8 |
---------------+-------------------------+-----
Alchemy        | 4 5 6 7 8 9 |  9.1
Spellcasting   | 3 4 5 |  5.3
Dodging        | |  2.0
Stealth        | |  2.6
Conjurations   | |  1.0

Action                     |  1- 3 |  4- 6 |  7- 9 || total
---------------------------+-------+-------+-------++-------
  Melee: Unarmed           |    34 |       |       ||    34
         Constrict         |     9 |    10 |     3 ||    22
         Tentacles         |     6 |     5 |     4 ||    15
         Punch             |     2 |     1 |       ||     3
         Dagger            |       |    30 |    17 ||    47
   Cast: Sting             |    29 |    31 |    25 ||    85
         Olgreb's Toxic Ra |       |     3 |    10 ||    13
    Use: Potion            |       |     1 |     2 ||     3
         Scroll            |       |       |     4 ||     4
   Stab: Sleeping          |     1 |       |       ||     1
 Armour: Skin              |    19 |    22 |    20 ||    61
  Dodge: Dodged            |    50 |    28 |    15 ||    93

Table legend: (Time is in decaauts)
 A = Elapsed time spent in this place.
 B = Non-inter-level travel time spent in this place.
 C = Inter-level travel time spent in this place.
 D = Time resting spent in this place.
 E = Time spent auto-exploring this place.
 F = Levels seen in this place.
 G = Mean time per level.
                   A        B        C        D        E       F      G
               +--------+--------+--------+--------+--------+-----+--------+
         Total |   2016 |   1881 |    135 |      0 |   1191 |   8 |  252.0 |
       Dungeon |   2012 |   1877 |    135 |      0 |   1191 |   7 |  287.4 |
        Temple |      3 |      3 |      0 |      0 |      0 |   1 |    3.0 |
               +--------+--------+--------+--------+--------+-----+--------+

Top non-repeatable levels by time:
     D:6: 546 daAuts
     D:5: 454 daAuts
     D:4: 337 daAuts
     D:3: 241 daAuts
     D:1: 222 daAuts
     D:7: 146 daAuts
     D:2: 63 daAuts
  Temple: 3 daAuts
